PA
ALAMEDA AIRMEN @ HOGSMEADE CAULDRONS
07/28/2027
 
TOP OF THE 1ST
Alameda Airmen batting - Pitching for Hogsmeade Cauldrons : RHP Bogdon Sokolov
Pitching: RHP Bogdon Sokolov
Batting: RHB Xavier Gama 0-0: Ball
1-0: Fly out, F7 (Flyball, 7)
Batting: RHB Howard Lee 0-0: Called Strike
0-1: Ball
1-1: Ground out 5-3 (Groundball, 5L)
Batting: RHB Armando Rodríguez 0-0: Ground out 6-3 (Groundball, 6S)
Top of the 1st over - 0 run(s), 0 hit(s), 0 error(s), 0 left on base; Alameda 0 - Hogsmeade 0
BOTTOM OF THE 1ST
Hogsmeade Cauldrons batting - Pitching for Alameda Airmen : RHP Brian Walker
Pitching: RHP Brian Walker
Batting: RHB Robinson Barquero 0-0: Fly out, F7 (Line Drive, 7)
Batting: LHB José Cuervo 0-0: Called Strike
0-1: Ball
1-1: SINGLE (Flyball, 78S)
Batting: RHB Paul Penrice 0-0: Ball
1-0: Called Strike
1-1: SINGLE (Groundball, 6MD)
José Cuervo to second
Batting: LHB Cris Gonzáles 0-0: Called Strike
Throwing error on steal attempt, E2
José Cuervo scores
Paul Penrice to third
0-1: Swinging Strike
0-2: Foul Ball, location: 2F
0-2: Ball
1-2: Ball
2-2: Ball
3-2: Fly out, F7 (Flyball, 7)
Batting: RHB Jason Ward 0-0: Foul Ball, location: 2F
0-1: Foul Ball, location: 2F
0-2: Ball
1-2: Foul Ball, location: 2F
1-2: Ground out 6-3 (Groundball, 6)
Bottom of the 1st over - 1 run(s), 2 hit(s), 1 error(s), 1 left on base; Alameda 0 - Hogsmeade 1
TOP OF THE 2ND
Alameda Airmen batting - Pitching for Hogsmeade Cauldrons : RHP Bogdon Sokolov
Batting: SHB Adam Staats 0-0: Ball
1-0: Swinging Strike
1-1: Foul Ball, location: 2F
1-2: DOUBLE (Flyball, 78M)
Batting: RHB Teobaldo Pasquetto 0-0: Ground out 5-3 (Groundball, 56S)
Adam Staats to third
Batting: LHB Mitchell Hobbs 0-0: Called Strike
0-1: Ball
1-1: Ball
2-1: Foul Ball, location: 2F
2-2: Ground out 4-3 (Groundball, 4M)
Adam Staats scores
Batting: SHB Wenceslas Holbeche 0-0: Single, Error in OF, E7, batter to second base
Batting: RHB Adam Betteridge 0-0: Ball
1-0: Ball
2-0: Called Strike
2-1: Foul Ball, location: 2F
2-2: Strikes out swinging
Top of the 2nd over - 1 run(s), 2 hit(s), 1 error(s), 1 left on base; Alameda 1 - Hogsmeade 1
BOTTOM OF THE 2ND
Hogsmeade Cauldrons batting - Pitching for Alameda Airmen : RHP Brian Walker
Batting: LHB Donatas Montiejunas 0-0: Called Strike
0-1: Swinging Strike
0-2: Ground out 4-3 (Groundball, 4)
Batting: RHB Cody Skillings 0-0: Called Strike
0-1: Ball
1-1: Ground out 6-3 (Groundball, 6S)
Batting: SHB Nolan Halverson 0-0: Fly out, F2 (Popup, 5S)
Bottom of the 2nd over - 0 run(s), 0 hit(s), 0 error(s), 0 left on base; Alameda 1 - Hogsmeade 1
TOP OF THE 3RD
Alameda Airmen batting - Pitching for Hogsmeade Cauldrons : RHP Bogdon Sokolov
Batting: RHB Phil Pettit 0-0: Ball
1-0: Ball
2-0: Called Strike
2-1: Swinging Strike
2-2: Strikes out swinging
Batting: RHB Xavier Gama 0-0: Called Strike
0-1: Ball
1-1: Swinging Strike
1-2: Strikes out swinging
Batting: RHB Howard Lee 0-0: Called Strike
0-1: Ball
1-1: Foul Ball, location: 2F
1-2: Ball
2-2: Fly out, F7 (Flyball, 7LDF)
Top of the 3rd over - 0 run(s), 0 hit(s), 0 error(s), 0 left on base; Alameda 1 - Hogsmeade 1
BOTTOM OF THE 3RD
Hogsmeade Cauldrons batting - Pitching for Alameda Airmen : RHP Brian Walker
Batting: RHB José Vargas 0-0: Ball
1-0: Ball
2-0: Foul Ball, location: 2F
2-1: Foul Ball, location: 2F
2-2: Ball
3-2: Foul Ball, location: 2F
3-2: Strikes out swinging
Batting: RHB Robinson Barquero 0-0: Ground out 6-3 (Groundball, 6M)
Batting: LHB José Cuervo 0-0: Ball
1-0: Fly out, F8 (Flyball, 8RM)
Bottom of the 3rd over - 0 run(s), 0 hit(s), 0 error(s), 0 left on base; Alameda 1 - Hogsmeade 1
TOP OF THE 4TH
Alameda Airmen batting - Pitching for Hogsmeade Cauldrons : RHP Bogdon Sokolov
Batting: RHB Armando Rodríguez 0-0: Ball
1-0: SINGLE (Line Drive, 89S)
Batting: SHB Adam Staats 0-0: Ball
Armando Rodríguez is caught stealing 2nd base
1-0: Called Strike
1-1: Ball
2-1: Ground out U3 (Groundball, 34S)
Batting: RHB Teobaldo Pasquetto 0-0: Ball
1-0: Ground out 6-3 (Groundball, 6)
Top of the 4th over - 0 run(s), 1 hit(s), 0 error(s), 0 left on base; Alameda 1 - Hogsmeade 1
BOTTOM OF THE 4TH
Hogsmeade Cauldrons batting - Pitching for Alameda Airmen : RHP Brian Walker
Batting: RHB Paul Penrice 0-0: Called Strike
0-1: Called Strike
0-2: Foul Ball, location: 2F
0-2: Foul Ball, location: 2F
0-2: Strikes out swinging
Batting: LHB Cris Gonzáles 0-0: Ball
1-0: Called Strike
1-1: Foul Ball, location: 2F
1-2: Ball
2-2: Ball
3-2: Base on Balls
Batting: RHB Jason Ward 0-0: Ball
1-0: Ball
2-0: Called Strike
2-1: Ball
3-1: SINGLE (Line Drive, 6MD)
Cris Gonzáles to second
Runner from 2nd tries for 3rd, SAFE, throw made to third
Batting: LHB Donatas Montiejunas 0-0: Swinging Strike
0-1: Called Strike
0-2: Foul Ball, location: 2F
0-2: Strikes out looking
Batting: RHB Cody Skillings 0-0: Ball
1-0: Ball
2-0: Fly out, F1 (Line Drive, 13)
Bottom of the 4th over - 0 run(s), 1 hit(s), 0 error(s), 2 left on base; Alameda 1 - Hogsmeade 1
TOP OF THE 5TH
Alameda Airmen batting - Pitching for Hogsmeade Cauldrons : RHP Bogdon Sokolov
Batting: LHB Mitchell Hobbs 0-0: Fly out, F8 (Flyball, 8LD)
Batting: SHB Wenceslas Holbeche 0-0: Ball
1-0: Foul Ball, location: 2F
1-1: Ball
2-1: Ball
3-1: Ground out 3-1 (Groundball, 34)
Batting: RHB Adam Betteridge 0-0: Called Strike
0-1: Foul Ball, location: 2F
0-2: Ball
1-2: Ball
2-2: Ball
3-2: SINGLE (Groundball, 34D)
Pitching: RHP Victor Garling
Batting: RHB Phil Pettit 0-0: Called Strike
0-1: Called Strike
0-2: Ball
1-2: Ball
2-2: Strikes out looking
Top of the 5th over - 0 run(s), 1 hit(s), 0 error(s), 1 left on base; Alameda 1 - Hogsmeade 1
BOTTOM OF THE 5TH
Hogsmeade Cauldrons batting - Pitching for Alameda Airmen : RHP Brian Walker
Batting: SHB Nolan Halverson 0-0: Called Strike
0-1: Swinging Strike
0-2: SINGLE (Groundball, 56D)
Batting: RHB José Vargas 0-0: Sac Bunt - play at first, batter OUT! 1-3
Nolan Halverson to second
Batting: RHB Robinson Barquero 0-0: Ground out 4-3 (Groundball, 4)
Nolan Halverson to third
Batting: LHB José Cuervo 0-0: Ball
1-0: Foul Ball, location: 2F
1-1: Ball
2-1: Swinging Strike
2-2: Ground out 4-3 (Groundball, 4)
Bottom of the 5th over - 0 run(s), 1 hit(s), 0 error(s), 1 left on base; Alameda 1 - Hogsmeade 1
TOP OF THE 6TH
Alameda Airmen batting - Pitching for Hogsmeade Cauldrons : RHP Victor Garling
Batting: RHB Xavier Gama 0-0: Called Strike
0-1: Ball
1-1: Swinging Strike
1-2: Foul Ball, location: 2F
1-2: Ground out 5-3 (Groundball, 56)
Batting: RHB Howard Lee 0-0: Ball
1-0: Ball
2-0: Foul Ball, location: 2F
2-1: Foul Ball, location: 2F
2-2: Ball
3-2: Strikes out swinging
Batting: RHB Armando Rodríguez 0-0: Ball
1-0: Ball
2-0: Ball
3-0: Called Strike
3-1: Called Strike
3-2: Strikes out swinging
Top of the 6th over - 0 run(s), 0 hit(s), 0 error(s), 0 left on base; Alameda 1 - Hogsmeade 1
BOTTOM OF THE 6TH
Hogsmeade Cauldrons batting - Pitching for Alameda Airmen : RHP Brian Walker
Batting: RHB Paul Penrice 0-0: Swinging Strike
0-1: Swinging Strike
0-2: Strikes out swinging
Batting: LHB Cris Gonzáles 0-0: Called Strike
0-1: Foul Ball, location: 2F
0-2: Ball
1-2: Ball
2-2: Fly out, F8 (Line Drive, 8LM)
Batting: RHB Jason Ward 0-0: Ball
1-0: Foul Ball, location: 2F
1-1: Ball
2-1: Foul Ball, location: 2F
2-2: Foul Ball, location: 2F
2-2: Fly out, F6 (Popup, 6)
Bottom of the 6th over - 0 run(s), 0 hit(s), 0 error(s), 0 left on base; Alameda 1 - Hogsmeade 1
TOP OF THE 7TH
Alameda Airmen batting - Pitching for Hogsmeade Cauldrons : RHP Victor Garling
Pinch Hitting: RHB Jim Unknown 0-0: Called Strike
0-1: Fly out, F5 (Popup, 5L)
Batting: RHB Teobaldo Pasquetto 0-0: Called Strike
0-1: Ball
1-1: Called Strike
1-2: Fly out, F8 (Flyball, 8LM)
Pinch Hitting: LHB Jim Unknown 0-0: Ball
1-0: Ground out U3 (Groundball, 3S)
Top of the 7th over - 0 run(s), 0 hit(s), 0 error(s), 0 left on base; Alameda 1 - Hogsmeade 1
BOTTOM OF THE 7TH
Hogsmeade Cauldrons batting - Pitching for Alameda Airmen : RHP Brian Walker
Now at 3B: Jim Unknown
Now in LF: Jim Unknown
Batting: LHB Donatas Montiejunas 0-0: Ball
1-0: Called Strike
1-1: Ball
2-1: Foul Ball, location: 2F
2-2: Strikes out swinging
Batting: RHB Cody Skillings 0-0: Called Strike
0-1: Foul Ball, location: 2F
0-2: Strikes out looking
Pinch Hitting: RHB Mitchell Westerbos 0-0: Ball
1-0: Ball
2-0: Ball
3-0: Called Strike
3-1: Foul Ball, location: 2F
3-2: Foul Ball, location: 2F
3-2: Foul Ball, location: 2F
3-2: Fly out, F9 (Flyball, 9S)
Bottom of the 7th over - 0 run(s), 0 hit(s), 0 error(s), 0 left on base; Alameda 1 - Hogsmeade 1
TOP OF THE 8TH
Alameda Airmen batting - Pitching for Hogsmeade Cauldrons : RHP Victor Garling
Now at 3B: Jim Unknown
Pinch Hitting: LHB Jean Tannen 0-0: Called Strike
0-1: DOUBLE (Flyball, 9LD)
Pinch Hitting: SHB Jim Unknown 0-0: Intentional Walk
Batting: RHB Phil Pettit 0-0: Foul Ball, location: 2F
0-1: Ball
1-1: Swinging Strike
1-2: Ball
2-2: Foul Ball, location: 2F
2-2: Ball
3-2: Strikes out swinging
Batting: RHB Xavier Gama 0-0: Ball
1-0: Fly out, F8 (Flyball, 8LD)
Batting: RHB Howard Lee 0-0: Foul Ball, location: 2F
0-1: Foul Ball, location: 2F
0-2: Fly out, F8 (Flyball, 8LD)
Top of the 8th over - 0 run(s), 1 hit(s), 0 error(s), 2 left on base; Alameda 1 - Hogsmeade 1
BOTTOM OF THE 8TH
Hogsmeade Cauldrons batting - Pitching for Alameda Airmen : RHP Brian Walker
Pitching: LHP Mario López
Now at 1B: David Elías
Now at SS: Jim Unknown
Batting: RHB José Vargas 0-0: Swinging Strike
0-1: Ground out 5-3 (Groundball, 56S)
Batting: RHB Robinson Barquero 0-0: Ball
1-0: Ball
2-0: Swinging Strike
2-1: Ball
3-1: Foul Ball, location: 2F
3-2: Base on Balls
Batting: LHB José Cuervo 0-0: Ball
1-0: Foul Ball, location: 2F
1-1: Grounds into double play, 4-6-3 (Groundball, 4)
Bottom of the 8th over - 0 run(s), 0 hit(s), 0 error(s), 0 left on base; Alameda 1 - Hogsmeade 1
TOP OF THE 9TH
Alameda Airmen batting - Pitching for Hogsmeade Cauldrons : RHP Victor Garling
Pitching: LHP Bradley Roth
Batting: RHB Armando Rodríguez 0-0: Ball
1-0: Ball
2-0: Foul Ball, location: 2F
2-1: Ball
3-1: Swinging Strike
3-2: Strikes out swinging, 2-3 out at first.
Batting: RHB Jim Unknown 0-0: Fly out, F8 (Flyball, 8LS)
Batting: RHB Teobaldo Pasquetto 0-0: Called Strike
0-1: Fly out, F7 (Flyball, 7)
Top of the 9th over - 0 run(s), 0 hit(s), 0 error(s), 0 left on base; Alameda 1 - Hogsmeade 1
BOTTOM OF THE 9TH
Hogsmeade Cauldrons batting - Pitching for Alameda Airmen : LHP Mario López
Pitching: RHP Jesús Pineda
Batting: RHB Paul Penrice 0-0: Called Strike
0-1: Ball
1-1: Foul Ball, location: 2F
1-2: Strikes out swinging
Batting: LHB Cris Gonzáles 0-0: Ball
1-0: Foul Ball, location: 2F
1-1: Called Strike
1-2: Strikes out looking
Batting: RHB Jason Ward 0-0: Ball
1-0: SINGLE (Flyball, 78S)
Batting: LHB Donatas Montiejunas 0-0: Called Strike
Jason Ward steals 2nd base
0-1: Swinging Strike
0-2: Strikes out swinging
Bottom of the 9th over - 0 run(s), 1 hit(s), 0 error(s), 1 left on base; Alameda 1 - Hogsmeade 1
TOP OF THE 10TH
Alameda Airmen batting - Pitching for Hogsmeade Cauldrons : LHP Bradley Roth
Pinch Hitting: RHB Juan Costello 0-0: Ball
1-0: Foul Ball, location: 2F
1-1: Ball
2-1: Foul Ball, location: 2F
2-2: Ball
3-2: Fly out, F6 (Flyball, 56D)
Batting: RHB David Elías 0-0: Called Strike
0-1: SINGLE (Flyball, 9LS)
Batting: SHB Jim Unknown 0-0: Ball
1-0: Foul Ball, location: 2F
1-1: Ball
2-1: Fly out, F9 (Flyball, 9)
Batting: RHB Phil Pettit 0-0: Ball
1-0: Foul Ball, location: 2F
1-1: Foul Ball, location: 2F
1-2: Strikes out swinging
Top of the 10th over - 0 run(s), 1 hit(s), 0 error(s), 1 left on base; Alameda 1 - Hogsmeade 1
BOTTOM OF THE 10TH
Hogsmeade Cauldrons batting - Pitching for Alameda Airmen : RHP Jesús Pineda
Now in LF: Juan Costello
Pinch Hitting: SHB Larry O'Morgan 0-0: Called Strike
0-1: Ball
1-1: Foul Ball, location: 2F
1-2: Strikes out swinging
Batting: RHB Jim Unknown 0-0: SINGLE (Line Drive, 8LS)
Batting: RHB José Vargas 0-0: Called Strike
0-1: Foul Ball, location: 2F
0-2: Ball
1-2: Ball
2-2: Ground out 5-3 (Groundball, 5S)
Jim Unknown to second
Batting: RHB Robinson Barquero 0-0: Ball
1-0: Called Strike
1-1: Swinging Strike
1-2: Strikes out swinging
Bottom of the 10th over - 0 run(s), 1 hit(s), 0 error(s), 1 left on base; Alameda 1 - Hogsmeade 1
TOP OF THE 11TH
Alameda Airmen batting - Pitching for Hogsmeade Cauldrons : LHP Bradley Roth
Pitching: LHP Suezo Amano
Now in LF: Matt Hooper
Batting: RHB Xavier Gama 0-0: DOUBLE (Line Drive, 7LM)
Batting: RHB Howard Lee 0-0: Ball
1-0: Ball
2-0: Foul Ball, location: 2F
2-1: Ball
3-1: Base on Balls
Batting: RHB Armando Rodríguez 0-0: Ball
1-0: Reached on error, E9 (Flyball, 9S)
Xavier Gama to third
Howard Lee to second
Batting: RHB Jim Unknown 0-0: Called Strike
0-1: Ball
1-1: Foul Ball, location: 2F
1-2: Grounds into fielders choice 5-2 (Groundball, 56)
Howard Lee to third
Armando Rodríguez to second
Batting: RHB Teobaldo Pasquetto 0-0: Ball
1-0: Ball
2-0: Called Strike
2-1: SINGLE (Line Drive, 4MD)
Howard Lee scores
Armando Rodríguez to third
Jim Unknown to second
Batting: RHB Juan Costello 0-0: Foul Ball, location: 2F
0-1: Foul Ball, location: 2F
0-2: Ball
1-2: Ball
2-2: Strikes out swinging
Batting: RHB David Elías 0-0: Foul Ball, location: 2F
0-1: Ball
1-1: Ball
2-1: DOUBLE (Line Drive, 7LM)
Armando Rodríguez scores
Jim Unknown scores
Teobaldo Pasquetto to third
Runner from 3rd tries for Home, throw and OUT!
Top of the 11th over - 3 run(s), 3 hit(s), 1 error(s), 1 left on base; Alameda 4 - Hogsmeade 1
BOTTOM OF THE 11TH
Hogsmeade Cauldrons batting - Pitching for Alameda Airmen : RHP Jesús Pineda
Pitching: RHP Tome Colmieiro
Batting: LHB José Cuervo 0-0: Fly out, F8 (Flyball, 8LS)
Batting: RHB Paul Penrice 0-0: Ground out 5-3 (Groundball, 5)
Batting: LHB Cris Gonzáles 0-0: Ball
1-0: Ball
2-0: Called Strike
2-1: Ball
3-1: Foul Ball, location: 2F
3-2: Foul Ball, location: 2F
3-2: Base on Balls
Batting: RHB Jason Ward 0-0: Ball
1-0: Fielders Choice at 2nd, 6-4 (Groundball, 6)
Bottom of the 11th over - 0 run(s), 0 hit(s), 0 error(s), 0 left on base; Alameda 4 - Hogsmeade 1
Saturday, May 26th, 2018 - OOTP Baseball 17.12 Build 75